AoeStats
← [PSCH] R!ce

Arabia

507934548Analyzed
1v1 RM · 12d ago on Sep 20, 2026· 43m 48s· 2 players
Game mode
Random Map
Map size
Tiny (2 player)
Population
200
Speed
Normal
Resources
Standard
Victory
Conquest
Starting age
Dark Age
Ending age
Imperial Age
RankedLock teamsTeams togetherTeam positionsShared explorationLock speedFull tech treeHidden civsTurbo modeCheats
Victory
Defeat
🇧🇪 Tatars · Belgium
1440
+17
🇨🇭 Magyars · Switzerland
1457
-17
Wölman
4:54 Loom
9:17 Feudal Age
9:46 Double-Bit Axe
9:42 Horse Collar
18:22 Wheelbarrow
18:19 Fletching
23:35 Castle Age
22:23 Bloodlines
22:44 Padded Archer Armor
23:36 Gold Mining
24:21 Husbandry
24:17 Bodkin Arrow
24:34 Bow Saw
26:11 Leather Archer Armor
26:15 Town Watch
28:26 Ballistics
33:07 Scale Barding Armor
34:14 Hand Cart
37:57 Chain Barding Armor
43:36 Imperial Age
42:27 Heavy Plow
43:05 Gold Shaft Mining
42:20 Stone Mining
42:52 Masonry
42:53 Silk Armor
43:40 Crossbowman
[PSCH] R!ce
7:00 Loom
9:51 Feudal Age
9:57 Man-at-Arms
15:30 Double-Bit Axe
23:18 Castle Age
23:40 Fletching
26:13 Bodkin Arrow
26:53 Padded Archer Armor
30:26 Thumb Ring
31:04 Bloodlines
34:55 Husbandry
37:54 Scale Barding Armor
40:59 Chain Barding Armor
41:36 Ballistics
42:32 Bow Saw
42:39 Corvinian Army
Connection lost

Rejoining the realm…

Still unreachable

The connection could not be restored.

Session expired

The server has moved on; the page needs a fresh start.